AoeStats
← Metal

Arabia

505775085Analyzed
1v1 RM · 21d ago on Sep 11, 2026· 59m 38s· 2 players
Game mode
Random Map
Map size
Tiny (2 player)
Population
200
Speed
Normal
Resources
Standard
Victory
Conquest
Starting age
Dark Age
Ending age
Imperial Age
RankedLock teamsTeams togetherTeam positionsShared explorationLock speedFull tech treeHidden civsTurbo modeCheats
Victory
Defeat
🇵🇪 Georgians · Peru
941
+15
🇦🇷 Byzantines · Argentina
913
-15
Metal
2:30 Loom
13:07 Feudal Age
16:48 Double-Bit Axe
23:52 Castle Age
22:44 Horse Collar
22:58 Gold Mining
24:54 Wheelbarrow
25:08 Fletching
26:27 Stone Mining
32:20 Bodkin Arrow
33:22 Forging
35:32 Scale Barding Armor
38:54 Imperial Age
36:58 Heavy Plow
38:34 Pikeman
39:16 Squires
39:53 Murder Holes
40:30 Heavy Camel Rider
46:35 Chain Barding Armor
48:58 Halberdier
51:25 Scale Mail Armor
52:01 Iron Casting
52:40 Chain Mail Armor
InkaTupac
6:49 Loom
10:00 Feudal Age
10:59 Double-Bit Axe
21:28 Castle Age
20:45 Horse Collar
22:10 Heavy Plow
22:23 Bow Saw
24:00 Wheelbarrow
23:12 Town Watch
25:19 Hand Cart
26:23 Stone Mining
26:23 Gold Mining
29:20 Fletching
29:41 Forging
29:37 Scale Barding Armor
30:21 Light Cavalry
31:38 Bloodlines
31:30 Husbandry
32:04 Chain Barding Armor
37:55 Imperial Age
38:02 Imperial Age
36:39 Murder Holes
36:55 Fortified Wall
37:06 Ballistics
36:57 Masonry
36:28 Treadmill Crane
37:25 Iron Casting
36:46 Bodkin Arrow
38:46 Hussar
40:04 Plate Barding Armor
40:29 Blast Furnace
41:08 Chemistry
42:22 Crop Rotation
42:40 Conscription
42:34 Man-at-Arms
42:35 Pikeman
43:01 Gambesons
43:16 Squires
43:01 Arson
43:22 Scale Mail Armor
45:11 Aznauri Cavalry
45:56 Town Patrol
48:12 Chain Mail Armor
49:28 Plate Mail Armor
49:13 Halberdier
Connection lost

Rejoining the realm…

Still unreachable

The connection could not be restored.

Session expired

The server has moved on; the page needs a fresh start.